 Dungeon Crawl Stone Soup version 0.28.0-53-g5a82cb258f (webtiles) character file.

Game seed: 336214315521188671

1470 Kranky the Skirmisher (level 8, -14/60 HPs)
             Began as an Octopode Fighter on June 20, 2022.
             Was a Follower of Okawaru.
             Killed from afar by a steam dragon (18 damage)
             ... with a ball of steam
             ... on level 6 of the Dungeon.
             The game lasted 00:13:47 (6370 turns).

Kranky the Skirmisher (Octopode Fighter)            Turns: 6370, Time: 00:13:47

Health: -14/60     AC:  1    Str: 21    XL:     8   Next: 78%
Magic:  12/12      EV: 15    Int: 16    God:    Okawaru [*.....]
Gold:   180        SH:  5    Dex: 14    Spells: 12/13 levels left

rFire   . . .      SeeInvis .   a - +0 flail
rCold   . . .      Faith    .   b - +0 buckler
rNeg    + . .      Spirit   .   (helmet restricted)
rPois   .          Reflect  .   (no amulet)
rElec   .          Harm     .   j - +6 ring of strength
rCorr   .          Rampage  .   q - +4 ring of slaying
Will    .....                   t - ring of positive energy
Stlth   +++.......              w - +6 ring of intelligence
HPRegen 0.20/turn               (no ring)
MPRegen 0.13/turn               (no ring)
                                (no ring)
                                (no ring)

@: no status effects
A: almost no armour, amphibious, 8 rings, camouflage 1, gelatinous body 1,
(nimble swimmer 1), tentacles
a: Renounce Religion, Heroism


You were on level 6 of the Dungeon.
You worshipped Okawaru.
Okawaru was aware of your devotion.
You visited 2 branches of the dungeon, and saw 7 of its levels.
You also visited: Sewer.

You collected 180 gold pieces.

Inventory:

Hand Weapons
 a - a +0 flail (weapon)
Armour
 b - a +0 buckler (worn)
Jewellery
 j - a +6 ring of strength (left tentacle)
 q - a +4 ring of slaying (right tentacle)
 t - a ring of positive energy (on tentacle)
 w - a +6 ring of intelligence (on tentacle)
Wands
 r - a wand of iceblast (8)
 s - a wand of acid (2)
Scrolls
 d - a scroll of torment {unknown}
 e - a scroll of amnesia {unknown}
 g - 2 scrolls of immolation {unknown}
 h - 2 scrolls of noise {unknown}
 i - a scroll of magic mapping
 k - 3 scrolls of fog {unknown}
 l - 5 scrolls of identify {unknown}
 n - 3 scrolls of vulnerability {unknown}
 o - a scroll of teleportation {unknown}
 y - a scroll of fear {unknown}
Potions
 c - a potion of might
 f - 3 potions of curing {unknown}
 m - 2 potions of haste {unknown}
 p - 2 potions of ambrosia {unknown}
 u - a potion of cancellation {unknown}
 v - 3 potions of heal wounds {unknown}
 x - 3 potions of lignification {unknown}
 z - a potion of flight {unknown}
 A - a potion of brilliance {unknown}
 B - a potion of magic {unknown}


   Skills:
 + Level 7.2 Fighting
 - Level 2.0 Maces & Flails
 - Level 6.0 Dodging
 - Level 3.0 Stealth
 + Level 5.5 Shields
 - Level 3.0 Spellcasting
 + Level 0.5 Evocations


You had 12 spell levels left.
You knew the following spells:

 Your Spells              Type           Power      Damage    Failure   Level
a - Magic Dart            Conj           8%         1d3       24%         1

Your spell library contained the following spells:

 Spells                   Type           Power      Damage    Failure   Level
 Dazzling Flash           Conj/Hex       4%         N/A       56%         3
 Mephitic Cloud           Conj/Pois/Air  2%         N/A       56%         3
 Agony                    Necr           2%         N/A       100%        5
 Silence                  Hex/Air        1%         N/A       100%        5
 Call Imp                 Summ           Unusable   N/A       N/A         2

Dungeon Overview and Level Annotations

Branches:
Dungeon (6/15)             Temple (1/1) D:4           Sewer (visited)

Altars:
Ashenzari
Cheibriados
Elyvilon
Gozag
Hepliaklqana
Kikubaaqudgha
Makhleb
Nemelex Xobeh
Okawaru
Qazlal
Ru
Trog
Uskayaw
Vehumet
Wu Jian
Xom
Yredelemnul

Shops:
D:4 (*

Annotations:
D:4 Menkaure


Innate Abilities, Weirdness & Mutations

You cannot wear most types of armour.
You are amphibious.
You can wear up to eight rings at the same time.
Your skin changes colour to match your surroundings (Stealth+).
Your rubbery body absorbs attacks. (AC +1, EV +1)
((You are camouflaged when in or above water. (Stealth+)))
You have tentacles for arms and can constrict up to eight enemies at once.


Message History

You hit the orc. You grab the orc.
The orc is severely wounded.
You constrict the orc.
You kill the orc!
Okawaru accepts your kill.
You now have 180 gold pieces (gained 13).
Things that are here:
a +0 flail; a +0 chain mail; an orc corpse A steam dragon comes into view.
The steam dragon bites you but does no damage.
You block the steam dragon's attack.
You closely miss the steam dragon. The steam dragon misses you.
You block the steam dragon's attack.
You closely miss the steam dragon.
You squeeze the steam dragon, but do no damage.
The steam dragon misses you. The steam dragon barely misses you.
You hit the steam dragon. You squeeze the steam dragon.
The steam dragon is moderately wounded.
The steam dragon bites you! The steam dragon misses you.
You block the steam dragon's attack. The steam dragon closely misses you.
You closely miss the steam dragon.
The steam dragon is moderately wounded.
The steam dragon breathes steam at you. The ball of steam hits you.
You hear an angry hiss.
You barely miss the steam dragon.
The steam dragon is moderately wounded.
You are engulfed in a cloud of scalding steam.
The steam dragon bites you. The steam dragon claws you.
A water moccasin comes into view.
The steam dragon barely misses you. The steam dragon misses you.
You barely miss the steam dragon. You squeeze the steam dragon!
The steam dragon is severely wounded.
The steam dragon closely misses you. You block the steam dragon's attack.
The steam dragon breathes steam at you. The ball of steam hits you!
* * * LOW HITPOINT WARNING * * *
The steam dragon breathes steam at you. The ball of steam hits you!!
You die...

#........#.#
########.#.#
.........#.#
#######..#.# #..#
#..# #..##
######...###
#...@..§§..#
#..D§§§§.#.#
#........§.#
...........#....
.##...S#####..#.#
...... ..#.#
###.... .# #....
#....


You could see a steam dragon (catching breath) and a water moccasin.

Vanquished Creatures
  A black bear (D:5)
  An ice beast (D:5)
  A centaur (D:5)
  2 necrophages
  An ogre (D:4)
  3 scorpions (D:5)
  A wyvern skeleton (D:5)
  A killer bee (D:5)
  2 centaur zombies (D:5)
  2 orc priests
  3 hounds (D:5)
  A bullfrog skeleton (D:4)
  Ijyb (D:4)
  2 iguanas
  An orc wizard (D:3)
  A killer bee zombie (D:5)
  A hound zombie (D:5)
  A hound skeleton (D:4)
  A howler monkey skeleton (D:5)
  16 adders
  2 white imps (D:5)
  An ufetubus (D:5)
  3 worms
  4 dart slugs
  7 orcs
  10 endoplasms
  5 giant cockroaches
  8 goblins
  7 hobgoblins
  7 jackals
  4 quokkas
  7 ball pythons
  4 bats
  12 frilled lizards
  A jackal skeleton (D:4)
  2 kobolds
  12 rats
139 creatures vanquished.

Vanquished Creatures (others)
  9 plants (D:4)
9 creatures vanquished.

Grand Total: 148 creatures vanquished

Notes
Turn   | Place    | Note
-------+----------+-------------------------------------------
     0 | D:1      | Kranky the Octopode Fighter began the quest for the Orb.
     0 | D:1      | Reached XP level 1. HP: 16/16 MP: 1/1
    68 | D:1      | Reached skill level 1 in Stealth
   136 | D:1      | Reached XP level 2. HP: 21/21 MP: 2/2
   153 | D:1      | Found a faded altar of an unknown god.
   685 | D:1      | Reached XP level 3. HP: 24/27 MP: 3/3
  1194 | D:2      | Found an ornate altar of the Wu Jian Council.
  1561 | D:2      | Reached skill level 4 in Fighting
  1561 | D:2      | Reached XP level 4. HP: 33/33 MP: 4/4
  1900 | D:3      | Learned a level 1 spell: Magic Dart
  1990 | D:3      | Reached XP level 5. HP: 12/38 MP: 4/6
  1991 | D:3      | Reached skill level 1 in Spellcasting
  2618 | D:3      | Found a basalt altar of Yredelemnul.
  3077 | D:4      | Found a staircase to the Ecumenical Temple.
  3112 | Temple   | Entered the Ecumenical Temple
  3203 | Temple   | Became a worshipper of Warmaster Okawaru
  3258 | D:4      | Reached XP level 6. HP: 28/44 MP: 8/8
  3396 | D:4      | Noticed Menkaure
  3475 | D:4      | Found Fuopeosa's Antique Weapon Shop.
  3588 | D:4      | Noticed a necrophage
  3596 | D:4      | Killed a necrophage
  3608 | D:4      | Noticed Ijyb
  3615 | D:4      | Killed Ijyb
  3616 | D:4      | Reached skill level 5 in Fighting
  3837 | D:4      | Found Xafaxtuu's Assorted Antiques.
  3869 | D:4      | Reached XP level 7. HP: 23/50 MP: 10/10
  4442 | D:5      | Entered Level 5 of the Dungeon
  4698 | D:5      | Reached * piety under Okawaru
  4884 | D:5      | Reached skill level 6 in Fighting
  4884 | D:5      | Reached skill level 5 in Dodging
  4899 | D:5      | Found a glowing drain.
  4924 | Sewer    | Entered a sewer
  4951 | Sewer    | Reached XP level 8. HP: 48/57 MP: 12/12
  5749 | D:5      | Reached skill level 5 in Shields
  6008 | D:5      | Reached skill level 7 in Fighting
  6370 | D:6      | Killed from afar by a steam dragon

Illustrated notes

Levels and vault maps discovered:
D:1:      evilmike_arrival_hilbert_curve, layout_basic, serial_corexii_hall,
          chequers_hall_statues_corner_a, chequers_hall_statues_corner_a,
          chequers_hall_statues_y, corexii_hall_statues_x,
          shapermc_ecumenical_altar_pompeii
D:2:      layout_loops_ring, basic_altar, minmay_indecisive_spiral
D:3:      layout_basic, yredelemnul_altar_generic
D:4:      layout_loops_ring, minmay_temple_entry_gardened_gates, serial_shops,
          nicolae_shop_hallway_plus, nicolae_shop_overgrown_old_shop,
          minmay_lizard_king, uniq_ijyb, uniq_menkaure
D:5:      layout_rooms, gup_sewer_entry_glass, minmay_pentangle
D:6:      nicolae_cairo_tiling_very_big, layout_basic,
          mainiacjoe_overflow_brackets, minmay_increasing_density
Temple:   lightli_temple_of_artemis

Skill      XL: |  1  2  3  4  5  6  7  8 |
---------------+-------------------------+-----
Stealth        | 1 2 3 |  3.0
Fighting       | 4 5 6 7 |  7.2
Spellcasting   | 1 2 3 |  3.0
Dodging        | 4 5 6 |  6.0
Shields        | 4 5 |  5.5
Maces & Flails | |  2.0
Evocations     | |  0.5

Action                   |  1- 3 |  4- 6 |  7- 9 || total
-------------------------+-------+-------+-------++-------
Melee: Flail             |    56 |   103 |   107 ||   266
       Constrict         |    13 |    28 |    31 ||    72
       Tentacles         |    13 |    15 |    28 ||    56
       Punch             |     1 |       |     2 ||     3
Evoke: Wand              |       |     1 |     1 ||     2
  Use: Scroll            |       |       |     1 ||     1
 Stab: Sleeping          |     5 |    13 |    17 ||    35
Armor: Skin              |     9 |     6 |     6 ||    21
Dodge: Dodged            |    27 |    45 |    70 ||   142
Block: Buckler           |    10 |    15 |    31 ||    56
